 Dungeon Crawl Stone Soup version 0.30-a0-799-g109b55a442 (webtiles) character file.

Game seed: 15221711987428738789

25030 cheesebisquit the Spear-Bearer (level 13, 0/99 HPs)
             Began as a Merfolk Ice Elementalist on Feb 20, 2023.
             Was an Elder of Vehumet.
             Slain by a skeletal warrior
             ... wielding a +3 morningstar of protection
              (3 damage)
             ... on level 11 of the Dungeon.
             The game lasted 02:00:14 (18751 turns).

cheesebisquit the Spear-Bearer (MfIE)              Turns: 18751, Time: 02:00:14

Health: 0/99       AC: 20    Str:  8    XL:     13   Next: 16%
Magic:  25/25      EV: 15    Int: 29    God:    Vehumet [****..]
Gold:   140        SH:  6    Dex: 15    Spells: 8/28 levels left

rFire   . . .      SeeInvis .    J - +0 morningstar
rCold   + . .      Faith    .    s - +0 buckler
rNeg    . . .      Spirit   .    w - +0 robe
rPois   .          Reflect  .    R - +1 helmet
rElec   .          Harm     .    c - +1 cloak
rCorr   .          Rampage  .    O - +1 pair of gloves
Will    +....                    m - +1 pair of boots
Stlth   ++                       d - amulet of magic regeneration
HPRegen 0.36/turn                x - ring "Paeqampe" {rC+ Will+ Int+4}
MPRegen 0.59/turn                Q - +6 ring of intelligence

@: ice-armoured
A: (nimble swimmer 2), mertail
a: Renounce Religion


You were on level 11 of the Dungeon.
You worshipped Vehumet.
Vehumet was greatly pleased with you.
You visited 2 branches of the dungeon, and saw 13 of its levels.
You also visited: Ossuary.

You collected 936 gold pieces.
You spent 796 gold pieces at shops.

Inventory:

Hand Weapons
 a - a +0 trident
 v - a +0 sling
 J - a +0 morningstar (weapon)
 P - a +0 halberd
 U - a +1 spear of venom
Missiles
 g - 5 poisoned darts
 o - 5 boomerangs
 C - 6 datura-tipped darts
 D - 6 throwing nets
 T - 6 curare-tipped darts
 V - 4 javelins
Armour
 c - a +1 cloak (worn)
 m - a +1 pair of boots (worn)
 s - a +0 buckler (worn)
 w - a +0 robe (worn)
 E - a +2 leather armour of fire resistance
 O - a +1 pair of gloves (worn)
 R - a +1 helmet (worn)
Magical Staves
 X - a staff of cold
Jewellery
 d - an amulet of magic regeneration (around neck)
 x - the ring "Paeqampe" (left hand) {rC+ Will+ Int+4}
   (You found it on level 3 of the Dungeon)

   [ring of protection from cold]

   Int:       It affects your intelligence (+4).
   rC:        It protects you from cold.
   Will:      It increases your willpower.
 y - an amulet of guardian spirit
 L - a ring of protection from cold
 Q - a +6 ring of intelligence (right hand)
Wands
 z - a wand of charming (16)
 H - a wand of mindburst (4)
 K - a wand of flame (6) (quivered)
 M - a wand of digging (2)
Scrolls
 b - 3 scrolls of magic mapping
 e - 2 scrolls of fog
 l - 2 scrolls of teleportation
 n - 3 scrolls of fear
 r - 2 scrolls of torment {unknown}
 u - 4 scrolls of poison
 A - 2 scrolls of blinking
 G - 2 scrolls of immolation
 W - a scroll of amnesia
Potions
 f - 4 potions of lignification
 i - 2 potions of flight
 j - a potion of berserk rage
 k - 2 potions of might
 p - 2 potions of ambrosia
 q - 6 potions of curing
 t - 4 potions of attraction
 B - a potion of mutation
 F - a potion of haste
 I - 3 potions of magic
 N - a potion of brilliance
 S - a potion of cancellation


   Skills:
 + Level 8.6 Fighting
 - Level 14.0 Polearms
 - Level 7.9 Dodging
 - Level 2.1 Stealth
 - Level 8.2 Shields
 - Level 8.0 Spellcasting
 - Level 12.0 Ice Magic


You had 8 spell levels left.
You knew the following spells:

 Your Spells              Type           Power      Damage    Failure   Level
a - Freeze                Ice            100%       1d10      1%          1
b - Freezing Cloud        Conj/Ice/Air   17%        6-21      9%          5
c - Summon Ice Beast      Ice/Summ       46%        N/A       4%          4
d - Fulminant Prism       Conj/Hex       5%         3d6       16%         4
x - Ozocubu's Armour      Ice            69%        N/A       1%          3
z - Frozen Ramparts       Ice            100%       1d16      1%          3

Your spell library contained the following spells:

 Spells                   Type           Power      Damage    Failure   Level
 Static Discharge         Conj/Air       22%        2-3/arc   2%          2
 Dazzling Flash           Conj/Hex       22%        N/A       4%          3
 Ignite Poison            Fire/Tmut/Pois 11%        N/A       4%          3
 Kindle Blastsparks       Fire/Tloc/Air  22%        2d11      4%          3
 Beastly Appendage        Tmut           22%        N/A       5%          1
 Lesser Beckoning         Tloc           22%        N/A       9%          2
 Wereblood                Tmut           11%        N/A       9%          2
 Iskenderun's Mystic Bla  Conj/Tloc      11%        2d4       16%         4
 Call Canine Familiar     Summ           11%        N/A       17%         3
 Gell's Gravitas          Tloc           11%        N/A       17%         3
 Portal Projectile        Hex/Tloc       22%        N/A       17%         3
 Spider Form              Tmut/Pois      11%        N/A       17%         3
 Teleport Other           Tloc           11%        N/A       17%         3
 Vhi's Electric Charge    Tloc/Air       22%        N/A       17%         3
 Arcjolt                  Conj/Air       5%         1d15      36%         5
 Irradiate                Conj/Tmut      5%         3d13      36%         5
 Lightning Bolt           Conj/Air       5%         1d17      36%         5
 Leda's Liquefaction      Hex/Erth       5%         N/A       50%         4
 Blade Hands              Tmut           5%         N/A       83%         5
 Starburst                Conj/Fire      5%         6d4       88%         6
 Dragon Form              Tmut           5%         N/A       100%        7


Dungeon Overview and Level Annotations

Branches:
Dungeon (12/15)            Temple (1/1) D:6            Lair (0/5) D:10
    Orc (0/2) D:11        Ossuary (visited)

Altars:
Ashenzari
Cheibriados
Dithmenos
Elyvilon
Fedhas
Gozag
Hepliaklqana
Kikubaaqudgha
Makhleb
Nemelex Xobeh
Okawaru
Qazlal
Ru
Sif Muna
Trog
Uskayaw
Vehumet
Wu Jian
Xom
Yredelemnul
Zin
The Shining One

Shops:
D:9 *   D:10 [?


Innate Abilities, Weirdness & Mutations

((You are very nimble when in or above water. (Stealth+, EV+, Speed+++)))
Your lower body shifts to a powerful aquatic tail in water.


Message History

You feel much better.
Your ice beast barely misses the skeletal warrior.
The skeletal warrior hits you with a +3 morningstar of protection!
* * * LOW HITPOINT WARNING * * *
You feel much better.
Your ice beast closely misses the skeletal warrior.
The skeletal warrior hits you with a +3 morningstar of protection!!
* * * LOW HITPOINT WARNING * * *
You closely miss the skeletal warrior.
The skeletal warrior is severely damaged.
Your ice beast hits the skeletal warrior but does no damage.
The skeletal warrior hits your ice beast with a +3 morningstar of protection!
Your ice beast dies!
Your ice beast disappears in a puff of smoke!
The skeletal warrior closely misses you.
Casting: Summon Ice Beast (dangerous; 4% risk of failure)
Confirm with . or Enter, or press ? or * to list all spells.
A chill wind blows around you.
The skeletal warrior hits you but does no damage.
You hit the skeletal warrior.
The skeletal warrior is almost destroyed.
The skeletal warrior hits you with a +3 morningstar of protection.
* * * LOW HITPOINT WARNING * * *
You hit the skeletal warrior.
The skeletal warrior is almost destroyed.
You block the skeletal warrior's attack.
Your ice beast hits the skeletal warrior but does no damage.
The skeletal warrior barely misses your ice beast.
Your ice beast closely misses the skeletal warrior.
You barely miss the skeletal warrior.
The skeletal warrior is almost destroyed.
The skeletal warrior closely misses you.
Your ice beast hits the skeletal warrior but does no damage.
You hit the skeletal warrior but do no damage.
The skeletal warrior is almost destroyed.
The skeletal warrior hits you with a +3 morningstar of protection!
* * * LOW HITPOINT WARNING * * *
Your ice beast barely misses the skeletal warrior.
The skeletal warrior hits you with a +3 morningstar of protection.
You die...

#.##..#.# #...#####.#........
#.##..#.# #...# #.#........
#.##..#.# #...# #>.........
#.##..#.####...# #).........
#.<..........#.#####..8...>...
####....######.......z...z....
##.#.## #..^....#.........
#...#.## #.###..###........
#..###.###@z....###........
#.## ##...Y####...#........
#..###.###.# #####....8...
#.#.#.## #.# #####...##
#.##.## #.# ###.#....## #.##.#
#.# #...#..### #.##.# ##.##
#.###.## #<##.####...# #.# #.#
#.........#.####.###.#


You could see a skeletal warrior (ally target) and a friendly ice beast
(summoned).

Vanquished Creatures
  Harold (D:11)
  2 two-headed ogres
  Urug (D:10)
  A skeletal warrior (D:11)
  A deep elf pyromancer (D:12)
  An ugly thing (D:11)
  Maurice (D:12)
  3 unseen horrors (D:10)
  2 hornets (D:9)
  4 trolls
  Sigmund (D:3)
  4 shadows
  4 wraiths
  6 yaks (D:11)
  4 fire bats (D:12)
  A vampire (D:11)
  A steam dragon (D:8)
  An acid dragon (D:8)
  2 sky beasts
  4 orc warriors
  2 ice beasts
  3 black bears
  An ogre (D:4)
  5 phantoms
  A centaur (D:8)
  2 necrophages (D:5)
  5 bullfrogs
  6 scorpions
  2 gnoll sergeants (D:10)
  3 troll zombies (D:11)
  8 killer bees
  A nameless horror (D:10)
  2 lava snakes (D:12)
  3 hounds
  2 jellies
  2 gnoll boudas
  10 orc priests
  2 iguanas
  11 orc wizards
  Ijyb (D:4)
  Natasha (thrice) (D:4)
  5 ogre zombies (D:11)
  8 mummies (Ossuary)
  7 adders
  20 gnolls
  3 white imps
  A dart slug (D:1)
  35 orcs
  9 endoplasms
  4 giant cockroaches
  7 goblins
  7 hobgoblins
  4 jackals (D:1)
  4 kobolds
  3 quokkas
  A ball python (D:1)
  8 bats
  2 frilled lizards (D:1)
  A goblin zombie (D:11)
  A hobgoblin skeleton (D:11)
  7 hobgoblin zombies
  2 kobold zombies (Ossuary)
  An orc skeleton (D:11)
  20 orc zombies
  7 rats
  A fire vortex (D:12)
288 creatures vanquished.

Vanquished Creatures (collateral kills)
  Frances (D:12)
  Nergalle (D:11)
  A skeletal warrior (D:12)
  A hell hound (D:12)
  A scorpion (D:10)
  An orc priest (D:12)
  A hobgoblin zombie (D:11)
  A fire vortex (D:12)
8 creatures vanquished.

Vanquished Creatures (others)
  An orc (D:6)
  A fire vortex (D:12)
  A fulminant prism (D:11)
  2 fungi (D:10)
  6 plants (D:10)
11 creatures vanquished.

Grand Total: 307 creatures vanquished

Notes
Turn   | Place    | Note
-------+----------+-------------------------------------------
     0 | D:1      | cheesebisquit the Merfolk Ice Elementalist began the quest
                  | for the Orb.
     0 | D:1      | Reached XP level 1. HP: 13/13 MP: 3/3
    24 | D:1      | You fall into a shaft and drop 1 floor!
   261 | D:1      | Reached XP level 2. HP: 7/19 MP: 1/5
   340 | D:1      | Reached skill level 5 in Ice Magic
   664 | D:1      | Reached XP level 3. HP: 24/24 MP: 6/6
   752 | D:1      | Learned a level 3 spell: Ozocubu's Armour
  1311 | D:2      | Found a faded altar of an unknown god.
  2353 | D:3      | Reached XP level 4. HP: 24/30 MP: 4/7
  2375 | D:3      | Learned a level 3 spell: Frozen Ramparts
  2690 | D:3      | Noticed Sigmund
  2712 | D:3      | Killed Sigmund
  2713 | D:3      | Reached XP level 5. HP: 18/35 MP: 0/8
  2713 | D:3      | Reached XP level 6. HP: 21/41 MP: 0/9
  2836 | D:3      | Identified the ring "Paeqampe" {rC+ Will+ Int+4}
  3315 | D:4      | Noticed a black bear
  3321 | D:4      | Killed a black bear
  3322 | D:4      | Reached skill level 2 in Polearms
  3558 | D:4      | Reached skill level 3 in Polearms
  3560 | D:4      | Reached skill level 4 in Polearms
  3661 | D:4      | Reached skill level 5 in Polearms
  3661 | D:4      | Reached XP level 7. HP: 46/46 MP: 1/10
  3882 | D:4      | Reached skill level 6 in Polearms
  4186 | D:4      | Reached skill level 7 in Polearms
  4239 | D:4      | Noticed Ijyb
  4246 | D:4      | Killed Ijyb
  4436 | D:4      | Noticed Natasha
  4440 | D:4      | Killed Natasha
  4721 | D:5      | Entered Level 5 of the Dungeon
  4866 | D:4      | Noticed Natasha
  4872 | D:4      | Killed Natasha
  4873 | D:4      | Reached skill level 1 in Fighting
  5118 | D:4      | Noticed Natasha
  5123 | D:4      | Killed Natasha
  5124 | D:4      | Reached XP level 8. HP: 50/54 MP: 1/11
  6011 | D:5      | Reached skill level 5 in Fighting
  6670 | D:5      | Learned a level 4 spell: Summon Ice Beast
  6884 | D:6      | Found a shadowy altar of Dithmenos.
  6897 | D:6      | Found a sand-covered staircase.
  6906 | Ossuary  | Entered an ossuary
  7339 | D:6      | Found a staircase to the Ecumenical Temple.
  7371 | Temple   | Entered the Ecumenical Temple
  7531 | Temple   | Became a worshipper of Vehumet
  7554 | D:6      | Reached skill level 5 in Dodging
  7705 | D:6      | Reached XP level 9. HP: 68/68 MP: 10/12
  7785 | D:6      | Found a shimmering altar of Xom.
  8906 | D:8      | Noticed a troll
  8925 | D:8      | Killed a troll
  9168 | D:8      | Found a glowing golden altar of the Shining One.
  9168 | D:8      | Found a burning altar of Makhleb.
  9169 | D:8      | Found a stormy altar of Qazlal.
  9190 | D:8      | Found a broken altar of Ashenzari.
  9215 | D:8      | Reached * piety under Vehumet
  9215 | D:8      | Offered knowledge of Shock by Vehumet.
  9771 | D:8      | Reached skill level 10 in Ice Magic
 10149 | D:9      | Reached XP level 10. HP: 65/74 MP: 15/15
 10436 | D:9      | Reached ** piety under Vehumet
 10436 | D:9      | Offered knowledge of Kiss of Death by Vehumet.
 10442 | D:9      | Found Suteyrot's Assorted Antiques.
 10454 | D:9      | Bought a scroll of blinking for 277 gold pieces
 10454 | D:9      | Bought a buckler for 166 gold pieces
 11103 | D:10     | Entered Level 10 of the Dungeon
 11172 | D:10     | Found Uxaezxuw's Magic Scroll Shop.
 11175 | D:10     | Bought a scroll of teleportation for 39 gold pieces
 11175 | D:10     | Bought a scroll of enchant armour for 97 gold pieces
 11175 | D:10     | Bought a scroll of noise for 13 gold pieces
 11175 | D:10     | Bought a scroll of identify for 26 gold pieces
 11175 | D:10     | Bought a scroll of immolation for 52 gold pieces
 11209 | D:10     | Killed an unseen horror
 11506 | D:10     | Found Moriqar's Armour Shoppe.
 11522 | D:10     | Bought a +1 helmet for 126 gold pieces
 11834 | D:10     | Found a staircase to the Lair.
 11873 | D:10     | Killed an unseen horror
 11926 | D:10     | Reached skill level 5 in Shields
 12103 | D:10     | Killed an unseen horror
 12222 | D:10     | Offered knowledge of Mephitic Cloud by Vehumet.
 12345 | D:10     | Noticed a two-headed ogre
 12358 | D:10     | Killed a two-headed ogre
 12359 | D:10     | Reached XP level 11. HP: 79/80 MP: 14/16
 12406 | D:10     | Noticed Urug
 12440 | D:10     | Killed Urug
 12442 | D:10     | Found a bloodstained altar of Trog.
 12748 | D:10     | Noticed a lindwurm
 12748 | D:10     | Noticed a lindwurm
 12771 | D:10     | Noticed a lindwurm
 12786 | D:10     | Noticed a lindwurm
 12870 | D:11     | Reached skill level 8 in Polearms
 13024 | D:11     | Noticed a red ugly thing
 13040 | D:11     | Killed a red ugly thing
 13103 | D:11     | Reached *** piety under Vehumet
 13639 | D:11     | Reached skill level 9 in Polearms
 14308 | D:11     | Noticed a two-headed ogre
 14316 | D:11     | Reached skill level 10 in Polearms
 14317 | D:11     | Noticed Harold
 14328 | D:11     | Killed a two-headed ogre
 14329 | D:11     | Reached skill level 11 in Polearms
 14344 | D:11     | Killed Harold
 14475 | D:11     | Offered knowledge of Dazzling Flash by Vehumet.
 14482 | D:11     | Learned a level 5 spell: Freezing Cloud
 14496 | D:11     | Found a staircase to the Orcish Mines.
 14560 | D:11     | Reached skill level 12 in Polearms
 14911 | D:11     | Reached **** piety under Vehumet
 14987 | D:11     | Offered knowledge of Fulminant Prism by Vehumet.
 15448 | D:11     | Noticed Nergalle
 15486 | D:11     | Noticed a spectral orc warlord
 15493 | D:11     | HP: 3/70 [spectral orc warlord/+0 long sword[Nergalle] (5)]
 15878 | D:11     | Killed Nergalle
 15879 | D:11     | Reached skill level 13 in Polearms
 15932 | D:11     | Reached XP level 12. HP: 87/87 MP: 16/21
 15990 | D:11     | Learned a level 4 spell: Fulminant Prism
 16009 | D:12     | Noticed Maurice
 16021 | D:12     | Killed Maurice
 16280 | D:12     | Reached XP level 13. HP: 83/99 MP: 22/22
 16534 | D:12     | Noticed Frances
 16547 | D:12     | Killed Frances
 16548 | D:12     | Reached skill level 14 in Polearms
 17364 | D:12     | HP: 2/99 [skeletal warrior/+3 morningstar of protection
                  | (29)]
 18244 | D:11     | Found a staircase to the Orcish Mines.
 18751 | D:11     | HP: 3/99 [skeletal warrior/+3 morningstar of protection
                  | (16)]
 18751 | D:11     | Slain by a skeletal warrior

Illustrated notes

Levels and vault maps discovered:
D:1:      dpeg_arrival_ratfight, layout_loops_ring
D:2:      layout_basic, basic_ecumenical_altar
D:3:      layout_loops_cross, uniq_sigmund
D:4:      layout_loops_ring, nrook_campfire, item_on_display_a, uniq_natasha,
          uniq_ijyb
D:5:      layout_cave_pools
D:6:      layout_rooms, grunt_dithmenos_smoke_and_mirrors,
          mainiacjoe_overflow_24_doors, minmay_temple_entry_tees,
          nicolae_ossuary_entry_monument
D:7:      layout_basic, serial_aquarium, aquarium_bridge_island_large
          [aquarium_subvault_large_water, aquarium_subvault_wall,
          aquarium_subvault_bridge, aquarium_subvault_wall,
          aquarium_subvault_bridge], aquarium_window_fake, aquarium_window_fake,
          aquarium_view_2e, aquarium_balcony_3a, aquarium_pool_2
D:8:      layout_basic, nicolae_overflow_quartered_altars
D:9:      layout_rooms, serial_shops, nicolae_shop_crystal
D:10:     layout_big_octagon, kennysheep_mini, grunt_lair_entry_orc_guard_hut,
          serial_shops, nicolae_shop_stone, nicolae_wwwww,
          nicolae_stop_n_shop_2, minmay_lindwurm_lava, uniq_urug
D:11:     layout_loops_ring, zombieorc2_lemuel, uniq_nergalle, uniq_harold
D:12:     layout_basic, hangedman_incinerator, uniq_frances, uniq_maurice
Temple:   nicolae_temple_bog_church

Skill      XL: |  1  2  3  4  5  6  7  8  9 10 11 12 13 |
---------------+----------------------------------------+-----
Ice Magic      | 5 6 7 8 10 12 | 12.0
Polearms       | 5 7 13 14 | 14.0
Fighting       | 1 5 8 |  8.6
Dodging        | 6 7 |  7.9
Spellcasting   | 3 6 8 |  8.0
Shields        | 7 8 |  8.2
Stealth        | |  2.1

Action                     |  1- 3 |  4- 6 |  7- 9 | 10-12 | 13-15 || total
---------------------------+-------+-------+-------+-------+-------++-------
  Melee: Unarmed           |     3 |       |       |       |       ||     3
         Dagger            |    19 |       |       |       |       ||    19
         Long sword        |    10 |     5 |       |       |       ||    15
         Spear             |       |    19 |       |    18 |   125 ||   162
         Halberd           |       |    18 |   193 |    13 |       ||   224
         Trident           |       |       |       |   455 |       ||   455
         Morningstar       |       |       |       |       |    21 ||    21
  Throw: Dart              |       |     4 |    13 |    33 |       ||    50
         Boomerang         |       |       |       |     5 |    19 ||    24
         Javelin           |       |       |       |     5 |       ||     5
   Cast: Freeze            |    53 |    11 |       |     2 |     2 ||    68
         Ozocubu's Armour  |     2 |     7 |    52 |    54 |    14 ||   129
         Frozen Ramparts   |       |    10 |    67 |    81 |    19 ||   177
         Summon Ice Beast  |       |       |       |    10 |    23 ||    33
         Freezing Cloud    |       |       |       |     1 |     1 ||     2
         Fulminant Prism   |       |       |       |       |     1 ||     1
  Evoke: Wand              |       |       |     2 |    15 |     2 ||    19
    Use: Potion            |     1 |       |     1 |     6 |     3 ||    11
         Scroll            |       |       |    18 |     9 |     2 ||    29
   Stab: Sleeping          |     5 |     2 |     2 |       |       ||     9
         Distracted        |       |       |       |     1 |     3 ||     4
 Armour: Robe              |    19 |    17 |    56 |   147 |    26 ||   265
  Dodge: Dodged            |    58 |    31 |   109 |   194 |    34 ||   426
  Block: Buckler           |       |       |       |    90 |    17 ||   107

Table legend: (Time is in decaauts)
 A = Elapsed time spent in this place.
 B = Non-inter-level travel time spent in this place.
 C = Inter-level travel time spent in this place.
 D = Time resting spent in this place.
 E = Time spent auto-exploring this place.
 F = Levels seen in this place.
 G = Mean time per level.
                   A        B        C        D        E       F      G
               +--------+--------+--------+--------+--------+-----+--------+
         Total |  18616 |  17971 |    645 |   3078 |  11508 |  14 | 1329.7 |
       Dungeon |  18081 |  17449 |    632 |   3024 |  11192 |  12 | 1506.8 |
        Temple |    141 |    128 |     13 |      0 |    114 |   1 |  141.0 |
       Ossuary |    393 |    393 |      0 |     54 |    202 |   1 |  393.0 |
               +--------+--------+--------+--------+--------+-----+--------+

Top non-repeatable levels by time:
    D:11: 3151 daAuts
    D:10: 3014 daAuts
     D:4: 2335 daAuts
    D:12: 1270 daAuts
     D:8: 1202 daAuts
     D:2: 1181 daAuts
     D:1: 1140 daAuts
     D:9: 1057 daAuts
     D:5: 1039 daAuts
     D:3: 989 daAuts
     D:6: 884 daAuts
     D:7: 813 daAuts
 Ossuary: 393 daAuts
  Temple: 141 daAuts
